 Dungeon Crawl Stone Soup version 0.19.5 (webtiles) character file.

90 tyranidshit the Skirmisher (level 4, 0/39 HPs)
             Began as a Demonspawn Abyssal Knight on Mar 13, 2017.
             Was a Follower of Lugonu.
             Succumbed to a worker ant's poison
             ... on level 3 of the Dungeon.
             The game lasted 00:04:12 (1756 turns).

tyranidshit the Skirmisher (DsAK)                   Turns: 1756, Time: 00:04:12

Health: 0/39       AC:  8    Str: 13 (14) XL:     4   Next: 32%
Magic:  5/5        EV:  5    Int: 11 (13) God:    Lugonu [*.....]
Gold:   119        SH:  2    Dex:  6 (9)  Spells: 0 memorised, 3 levels left

rFire  . . .     SeeInvis .     a - +1 hand axe
rCold  . . .     Gourm    .     h - +0 chain mail
rNeg   . . .     Faith    .     g - +0 buckler
rPois  .         Spirit   .     (helmet restricted)
rElec  .         Reflect  .     (no cloak)
rCorr  +         Harm     .     (no gloves)
MR     .....                    (no boots)
Stlth  ..........               (no amulet)
                                f - -3 ring of dexterity (curse)
                                i - ring of resist corrosion

@: lethally poisoned (0 -> -9)
A: antennae 2, talons 1
a: Depart the Abyss, Renounce Religion


You were on level 3 of the Dungeon.
You worshipped Lugonu.
Lugonu was aware of your devotion.
You were not hungry.

You visited 1 branch of the dungeon, and saw 3 of its levels.
You visited the Abyss 1 time.

You collected 119 gold pieces.

Inventory:

Hand Weapons
 a - a +1 hand axe (weapon)
Missiles
 d - 13 sling bullets
Armour
 b - a +0 leather armour
 g - a +0 buckler (worn)
 h - a +0 chain mail (worn)
 k - a +1 leather armour of magic resistance
Jewellery
 e - a +2 ring of intelligence
 f - a cursed -3 ring of dexterity (right hand)
 i - a ring of resist corrosion (left hand)
 m - an uncursed ring of protection from magic
Wands
 j - a wand of slowing (35/48)
Scrolls
 l - a scroll of teleportation
 p - a scroll of recharging {unknown}
 q - a scroll of identify
Potions
 n - a potion of mutation {unknown}
 o - a potion of curing
Comestibles
 c - 2 bread rations


   Skills:
 + Level 5.2 Fighting
 - Level 1.7 Axes
 - Level 1.7 Armour
 - Level 0.8 Dodging
 - Level 2.4 Invocations


You had 3 spell levels left.
You didn't know any spells.

Dungeon Overview and Level Annotations

Branches:
Dungeon (3/15)

Altars:
The Shining One


Innate Abilities, Weirdness & Mutations

You have a pair of antennae on your head.
You have sharp toenails.


Message History

The worker ant is almost dead.
The worker ant bites you.
* * * LOW HITPOINT WARNING * * *
You are too injured to fight recklessly!
You are too injured to fight recklessly!
You are too injured to fight recklessly!
You are too injured to fight recklessly!
You are too injured to fight recklessly!
You hit the worker ant but do no damage.
The worker ant is almost dead.
You feel sick.
You are no longer poisoned.
The worker ant bites you but does no damage.
The worker ant bites you.
* * * LOW HITPOINT WARNING * * *
You are lethally poisoned!
The worker ant poisons you!
You barely miss the worker ant.
The worker ant is almost dead.
You die...

## #. #.
#. #.###
##### ...
#.#.# #a#
#.#.# #@#
#.#.###
#.#
#.....#
#.#
###.#.#
#.## #.#.#
#..# #.#.#
##.#
#.#.####
#.#
#†......
#.#
#####^####
#.#
##.###.#


You could see a worker ant.

Vanquished Creatures
  5 adders (D:2)
  A worm (D:2)
  A dart slug (D:3)
  A leopard gecko (D:1)
  8 bats
  2 giant cockroaches (D:1)
  6 goblins
  4 hobgoblins (D:2)
  A quokka (D:2)
  A frilled lizard (D:2)
  4 kobolds
  4 rats
38 creatures vanquished.

Notes
Turn   | Place    | Note
-------+----------+-------------------------------------------
     0 | Abyss:1  | tyranidshit the Demonspawn Abyssal Knight began the quest for the Orb.
     0 | Abyss:1  | Reached XP level 1. HP: 18/18 MP: 2/2
    46 | Abyss:1  | Noticed a large abomination
    51 | Abyss:1  | Noticed a large abomination
    56 | Abyss:1  | Noticed a small abomination
    90 | Abyss:2  | Noticed a large abomination
    99 | Abyss:2  | Noticed a starcursed mass
   100 | D:1      | Escaped the Abyss
   369 | D:1      | Reached * piety under Lugonu
   369 | D:1      | Gained mutation: You have a pair of small antennae on your head. [demonic ancestry]
   369 | D:1      | Reached XP level 2. HP: 23/24 MP: 3/3
   693 | D:2      | Reached skill level 4 in Fighting
   736 | D:2      | Found a glowing golden altar of the Shining One.
   758 | D:2      | Gained mutation: You have a pair of antennae on your head. [demonic ancestry]
   758 | D:2      | Reached XP level 3. HP: 20/31 MP: 4/4
  1194 | D:2      | Reached skill level 5 in Fighting
  1194 | D:2      | Gained mutation: You have sharp toenails. [demonic ancestry]
  1194 | D:2      | Reached XP level 4. HP: 25/39 MP: 5/5
  1755 | D:3      | HP: 1/39 [worker ant (6)]
  1756 | D:3      | Succumbed to a worker ant's poison

Skill      XL: |  1  2  3 |
---------------+----------+-----
Fighting       | 4 5 |  5.2
Axes           | |  1.7
Armour         | |  1.7
Dodging        | |  0.8
Invocations    | |  2.4

Action                   |  1- 3 |  4- 6 || total
-------------------------+-------+-------++-------
Melee: Hand axe          |   124 |    54 ||   178
       Kick              |       |    11 ||    11
Invok: Depart the Abyss  |     1 |       ||     1
  Use: Scroll            |     5 |     1 ||     6
       Potion            |     3 |     1 ||     4
  Eat: Bread ration      |     1 |       ||     1
Armor: Leather armour    |     7 |       ||     7
       Chain mail        |    65 |    32 ||    97
Dodge: Dodged            |    42 |    15 ||    57
Block: Buckler           |     4 |     5 ||     9
